 Dungeon Crawl Stone Soup version bcrawl-1.21.2-28-g2cb1824106 (webtiles) character file.

Game seed: 5685944785804786740

4426 MisterOstroum the Thaumaturge (level 10, -16/66 HPs)
             Began as a Fairy Necromancer on Mar 10, 2020.
             Was a Believer of Kikubaaqudgha.
             Demolished by a freezing wraith (23 damage)
             ... on level 9 of the Dungeon on Mar 11, 2020.
             The game lasted 00:18:34 (8964 turns).

MisterOstroum the Thaumaturge (Fairy Necromancer)   Turns: 8964, Time: 00:18:35

Health: -16/66     AC:  9    Str:  6    XL:     10   Next: 36%
Magic:  24/33      EV: 19    Int: 24    God:    Kikubaaqudgha [**....]
Gold:   556        SH:  6    Dex: 13    Spells: 6/25 levels left

rFire    . . .     SeeInvis .   c - +2 hunting sling (flame)
rCold    . . .     Gourm    .   (shield restricted)
rNeg     + . .     Faith    .   (armour unavailable)
rPois    .         Spirit   .   E - +0 helmet
rElec    .         Reflect  .   K - scarf {cloud immunity}
rCorr    .         Harm     .   (no gloves)
MR       +....                  w - +1 pair of boots
Stlth    ++........             (no amulet)
HPRegen  0.21/turn              m - ring of magical power
MPRegen  0.23/turn              f - ring of positive energy

@: flying evasively, slowed, very slow
A: small, magic attunement, unstealthy, unfitting armour, clever 1, subdued
magic 1, able to fly, AC/SH +6
a: Stop Flying, Receive Corpses, Renounce Religion


You were on level 9 of the Dungeon.
You worshipped Kikubaaqudgha.
Kikubaaqudgha was pleased with you.
You were not hungry.

You visited 1 branch of the dungeon, and saw 9 of its levels.

You collected 556 gold pieces.

Inventory:

Hand Weapons
 a - a +2 dagger
 b - a +2 short sword of protection
 c - a +2 hunting sling of flaming (weapon)
Missiles
 g - 690 bolts
 i - 48 curare-tipped needles
 j - 339 poisoned needles
 k - 880 arrows
 o - 493 sling bullets (quivered)
 D - 1159 stones
 F - 4 throwing nets {!f!f}
 N - 152 tomahawks
Armour
 w - a +1 pair of boots (worn)
 y - a +0 cloak
 E - a +0 helmet (worn)
 K - a scarf of cloud immunity (worn)
 P - a +0 medium shield
Jewellery
 f - a ring of positive energy (right hand)
 m - a ring of magical power (left hand)
 x - an uncursed ring of flight
 B - an uncursed ring of resist corrosion
 C - an uncursed ring of insulation
Wands
 M - a wand of random effects (10)
Scrolls
 d - a scroll of identify {@r1}
 n - a scroll of teleportation {@r3 !r}
 q - a scroll of fear {unknown}
 s - a scroll of fog {unknown}
 t - 2 scrolls of remove curse {@r2}
 v - 2 scrolls of magic mapping {unknown}
 A - 2 scrolls of noise {unknown}
 G - a scroll of vulnerability {unknown}
 H - a scroll of amnesia {unknown}
 J - a scroll of blinking {unknown}
 L - a scroll of enchant armour
 O - 4 scrolls of enchant weapon
Potions
 h - 2 potions of curing
 l - a potion of agility {unknown}
 p - 2 potions of invisibility
 r - 2 potions of brilliance {unknown}
 u - a potion of heal wounds
 z - a potion of cancellation
 I - a potion of magic {unknown}
Comestibles
 e - 16 rations {!d}
 Q - 3 chunks of flesh


   Skills:
 + Level 5.2 Fighting
 + Level 5.2 Dodging
 + Level 5.2 Stealth
 + Level 1.1 Shields
 * Level 8.4 Spellcasting
 * Level 6.9 Conjurations
 - Level 3.0 Charms
 + Level 7.9 Necromancy


You had 6 spell levels left.
You knew the following spells:

 Your Spells              Type           Power        Failure   Level  Hunger
a - Pain                  Necr           #####.       1%          1    None
b - Animate Skeleton      Necr           N/A          1%          1    None
c - Vampiric Draining     Necr           #####.....   1%          3    None
d - Bolt of Draining      Conj/Necr      #####.....   7%          5    None
e - Animate Dead          Necr           N/A          1%          4    None
f - Corpse Rot            Necr           N/A          1%          2    None
H - Regeneration          Chrm/Necr      ####......   1%          3    None

Your spell library contained the following spells:

 Spells                   Type           Power        Failure   Level  Hunger


Dungeon Overview and Level Annotations

Branches:
Dungeon (9/12)             Temple (0/1) D:7            Lair (0/6) D:7
    Orc: D:8-11

Altars:
Elyvilon
Hepliaklqana
Kikubaaqudgha
Nemelex Xobeh
Ru
Trog
Uskayaw
Wu Jian
Zin

Shops:
D:3 *

Annotations:
D:5 1 runed door, exclusion: door, Edmund


Innate Abilities, Weirdness & Mutations

Your spells do not cause hunger and MP costs are reduced by 1.
Your bright wings attract enemies. (Stealth-)
You cannot fit into any form of body armour.
Your shimmering scales are hard and can block incoming attacks. (AC +6, SH +6)
You are small and have problems with some larger weapons.
You can fly continuously.
Your mind is acute. (Int +2)
Your spells are a little easier to cast, but a little less powerful.


Message History

The sling bullet burns the orc priest.
You kill the orc priest!
Kikubaaqudgha accepts your kill.
Some of the chunks of flesh in your inventory have rotted away.
Grum the Hunter comes into view.
He is wielding a -2 glaive.
Casting: Pain (safe; 1% risk of failure)
Confirm with . or Enter, or press ? or * to list all spells.
You can't see any susceptible monsters within range! (Use Z to cast anyway.) Firing (i - inventory. (/) - cycle)
o - 499 sling bullets (quivered)
Press: ? - help, Shift-Dir - straight line, f - Grum
Aim: Grum, wielding a -2 glaive and wearing a +1 animal skin (hasn't noticed you)
You shoot a sling bullet.
Grum growls angrily.
The sling bullet hits Grum.
The sling bullet burns Grum.
Grum is lightly wounded.
You hear a shout!
Casting: Pain (safe; 1% risk of failure)
Confirm with . or Enter, or press ? or * to list all spells.
You can't see any susceptible monsters within range! (Use Z to cast anyway.) Unknown command.
Casting: Pain (safe; 1% risk of failure)
Confirm with . or Enter, or press ? or * to list all spells.
You can't see any susceptible monsters within range! (Use Z to cast anyway.) Unknown command.
Casting: Pain (safe; 1% risk of failure)
Confirm with . or Enter, or press ? or * to list all spells.
Aiming: Bolt of Draining (safe; 7% risk of failure)
Press: ? - help, Shift-Dir - straight line, f/p - Grum
Aim: Grum, wielding a -2 glaive and wearing a +1 animal skin (lightly wounded)
The bolt of negative energy hits Grum!!
Grum is drained!
Grum is severely wounded.
Casting: Bolt of Draining (safe; 7% risk of failure)
Confirm with . or Enter, or press ? or * to list all spells.
Aiming: Bolt of Draining (safe; 7% risk of failure)
Press: ? - help, Shift-Dir - straight line, f/p - Grum
Aim: Grum, wielding a -2 glaive and wearing a +1 animal skin (severely wounded, lightly drained)
The bolt of negative energy hits Grum!!
Grum is drained!
You kill Grum!
Kikubaaqudgha accepts your kill.
Kikubaaqudgha is protecting you from necromantic miscasts and death curses.
A shadow imp comes into view.
A freezing wraith comes into view.
There are monsters nearby!
There are monsters nearby!
Firing (i - inventory. (/) - cycle)
o - 498 sling bullets (quivered)
Press: ? - help, Shift-Dir - straight line, f - freezing wraith
Aim: a freezing wraith (hasn't noticed you)
You shoot a sling bullet.
The sling bullet hits the freezing wraith but does no damage.
Items here: )) [ † a cursed -3 flail; a +0 dagger; a +0 robe; an orc corpse
Things that are here:
a +0 dagger; a +0 robe; an orc corpse You already know all available spells.
Unknown command.
Firing (i - inventory. (/) - cycle)
o - 497 sling bullets (quivered)
Press: ? - help, Shift-Dir - straight line, f/p - freezing wraith
Aim: a freezing wraith You shoot a sling bullet.
The sling bullet hits the freezing wraith but does no damage.
Firing (i - inventory. (/) - cycle)
o - 496 sling bullets (quivered)
Press: ? - help, Shift-Dir - straight line, f/p - freezing wraith
Aim: a freezing wraith You shoot a sling bullet.
The sling bullet hits the freezing wraith but does no damage.
Firing (i - inventory. (/) - cycle)
o - 495 sling bullets (quivered)
Press: ? - help, Shift-Dir - straight line, f/p - freezing wraith
Aim: a freezing wraith You shoot a sling bullet.
The sling bullet hits the freezing wraith but does no damage.
The freezing wraith barely misses you. The freezing wraith hits you!
The freezing wraith drains your vigour!
You feel yourself slow down.
Firing (i - inventory. (/) - cycle)
o - 494 sling bullets (quivered)
Press: ? - help, Shift-Dir - straight line, f/p - freezing wraith
Aim: a freezing wraith You shoot a sling bullet.
The sling bullet barely misses the freezing wraith.
The sling bullet barely misses the shadow imp.
The freezing wraith hits you but does no damage.
The freezing wraith closely misses you. The freezing wraith hits you!
The freezing wraith freezes you!
The freezing wraith hits you but does no damage.
You are too injured to fight recklessly!
Evoke which item? (* to show all) (? for menu, Esc to quit)
Aiming: Random Effects
Press: ? - help, Shift-Dir - straight line, f/p - freezing wraith
Aim: a freezing wraith The freezing wraith is filled with an inner flame.
The freezing wraith hits you. The freezing wraith freezes you!
* * * LOW HITPOINT WARNING * * *
You block the freezing wraith's attack.
Evoke which item? (* to show all) (? for menu, Esc to quit)
Okay, then.
You feel much better. The freezing wraith hits you.
The freezing wraith freezes you!!
* * * LOW HITPOINT WARNING * * *
The freezing wraith misses you. The freezing wraith hits you.
* * * LOW HITPOINT WARNING * * *
The freezing wraith freezes you!!
You die...
Kikubaaqudgha rasps: "You have failed me!
Welcome... death!"

.##... ..>. ### ###
.##..###.... #...
!.#.##........#
....##... #........##
.....5... >........#
....)..)# #........#
......#.####).......#
.........)5W@.......#
.....##.#####.......#
#<......#...........#
#...#W###.##......#.#
#...#....).#.###..#
...........#.# #.#
#######........#.#
...
<.....#####.##.#.#
###
#####...).)....#..


You could see a freezing wraith (inner flame) and a shadow imp.

Vanquished Creatures
  Harold (D:8)
  Joseph (D:8)
  A hippogriff (D:6)
  Grum (D:9)
  A crocodile (D:8)
  An orc warrior (D:9)
  2 ice beasts
  2 black bears (D:8)
  3 sky beasts
  2 wolves (D:9)
  7 ogres
  3 centaurs
  2 bullfrogs (D:7)
  A big kobold (D:6)
  2 scorpions
  A water moccasin skeleton (D:5)
  A howler monkey (D:6)
  A crimson imp (D:5)
  A bullfrog zombie (D:7)
  4 hounds
  A centaur zombie (D:4)
  An orc priest (D:9)
  An iguana (D:4)
  5 orc wizards
  2 worker ants
  2 hound skeletons
  A worker ant zombie (D:8)
  4 adders
  An ooze (D:4)
  4 adder skeletons
  An adder zombie (D:6)
  2 dart slugs (D:1)
  4 leopard geckos
  16 orcs
  3 ball pythons
  8 bats
  3 giant cockroaches (D:1)
  6 goblins
  11 hobgoblins
  10 jackals
  A quokka (D:3)
  2 frilled lizards (D:1)
  14 kobolds
  8 rats
149 creatures vanquished.

Vanquished Creatures (collateral kills)
  A wyvern skeleton (D:4)
  A quasit (D:8)
  A jelly (D:5)
  An iguana (D:5)
  A shadow imp (D:5)
5 creatures vanquished.

Vanquished Creatures (others)
  Maurice (D:8)
1 creature vanquished.

Grand Total: 155 creatures vanquished

Notes
Turn   | Place    | Note
-------+----------+-------------------------------------------
     0 | D:1      | MisterOstroum the Fairy Necromancer began the quest for the
                  | Orb.
     0 | D:1      | Reached XP level 1. HP: 11/11 MP: 6/6
   529 | D:1      | Reached XP level 2. HP: 15/18 MP: 7/7
   889 | D:1      | Reached skill level 1 in Fighting
  1090 | D:1      | Reached XP level 3. HP: 18/23 MP: 9/9
  1565 | D:1      | Learned a level 3 spell: Vampiric Draining
  2141 | D:2      | Found a sparkling altar of Nemelex Xobeh.
  2435 | D:3      | Reached XP level 4. HP: 27/28 MP: 10/10
  2501 | D:3      | Learned a level 3 spell: Regeneration
  2937 | D:3      | Found Zin's Purification Station.
  2941 | D:3      | Found a glowing silver altar of Zin.
  3032 | D:3      | Reached XP level 5. HP: 26/34 MP: 8/11
  3186 | D:3      | Found a hazy altar of Hepliaklqana.
  3256 | D:4      | Noticed an ogre
  3266 | D:4      | Killed an ogre
  3266 | D:4      | Reached skill level 1 in Charms
  3377 | D:4      | Reached skill level 5 in Necromancy
  3377 | D:4      | Reached XP level 6. HP: 34/40 MP: 12/12
  3451 | D:4      | Found a hide-covered altar of Uskayaw.
  3660 | D:4      | Found an ancient bone altar of Kikubaaqudgha.
  3755 | D:4      | Reached XP level 7. HP: 44/45 MP: 6/13
  3770 | D:4      | Became a worshipper of Kikubaaqudgha
  4012 | D:4      | Found a white marble altar of Elyvilon.
  4312 | D:5      | Entered Level 5 of the Dungeon
  4619 | D:5      | Reached skill level 3 in Spellcasting
  4667 | D:5      | Found a sacrificial altar of Ru.
  4671 | D:5      | Found an ornate altar of the Wu Jian Council.
  4888 | D:5      | Noticed Edmund
  4992 | D:5      | Reached XP level 8. HP: 52/52 MP: 15/15
  5126 | D:5      | Found a runed door.
  5279 | D:6      | Reached skill level 4 in Spellcasting
  5369 | D:6      | Noticed a hippogriff
  5374 | D:6      | Killed a hippogriff
  5471 | D:6      | Learned a level 5 spell: Bolt of Draining
  5487 | D:6      | Reached * piety under Kikubaaqudgha
  5487 | D:6      | Identified Kikubaaqudgha's Tome of Necromancy
                  | (Kikubaaqudgha gifted it to you on level 6 of the Dungeon)
  5487 | D:6      | Received a gift from Kikubaaqudgha
  5492 | D:6      | Reached skill level 1 in Conjurations
  6122 | D:7      | Reached skill level 5 in Dodging
  6152 | D:7      | Gained mutation: Your spells are a little easier to cast,
                  | but a little less powerful. [potion of mutation]
  6152 | D:7      | Gained mutation: Your mind is acute. (Int +2) [potion of
                  | mutation]
  6199 | D:7      | Reached skill level 5 in Spellcasting
  6358 | D:7      | Found a staircase to the Ecumenical Temple.
  6402 | D:7      | Reached XP level 9. HP: 47/58 MP: 19/19
  6589 | D:7      | Found a staircase to the Lair.
  6635 | D:7      | Found the +12 glaive of Prune {chop, lignify}
  6720 | D:7      | Reached skill level 6 in Spellcasting
  7324 | D:8      | Found a bloodstained altar of Trog.
  7529 | D:8      | Noticed Harold
  7976 | D:8      | Noticed Maurice
  7976 | D:8      | Noticed Joseph
  7983 | D:8      | Killed Maurice
  7983 | D:8      | Reached skill level 7 in Spellcasting
  7983 | D:8      | Reached skill level 5 in Conjurations
  8222 | D:8      | Killed Joseph
  8692 | D:8      | Killed Harold
  8692 | D:8      | Reached skill level 5 in Fighting
  8692 | D:8      | Reached skill level 5 in Stealth
  8692 | D:8      | Reached skill level 8 in Spellcasting
  8692 | D:8      | Reached XP level 10. HP: 28/66 MP: 16/24
  8798 | D:8      | Learned a level 4 spell: Animate Dead
  8832 | D:9      | Learned a level 2 spell: Corpse Rot
  8907 | D:9      | Reached skill level 1 in Shields
  8946 | D:9      | Noticed Grum
  8951 | D:9      | Killed Grum
  8951 | D:9      | Reached ** piety under Kikubaaqudgha
  8964 | D:9      | Demolished by a freezing wraith

Skill      XL: |  1  2  3  4  5  6  7  8  9 10 |
---------------+-------------------------------+-----
Stealth        | 2 3 4 5 |  5.2
Fighting       | 1 2 3 4 5 |  5.2
Charms         | 1 2 3 |  3.0
Necromancy     | 5 6 7 |  7.9
Dodging        | 3 4 5 |  5.2
Spellcasting   | 3 5 8 |  8.4
Conjurations   | 3 6 |  6.9
Shields        | 1 |  1.1

Action                   |  1- 3 |  4- 6 |  7- 9 | 10-12 || total
-------------------------+-------+-------+-------+-------++-------
Melee: Dagger            |     3 |    55 |   107 |       ||   165
       Short sword       |       |       |   152 |       ||   152
 Fire: Hunting sling     |       |       |    16 |    16 ||    32
Throw: Stone             |       |     2 |       |       ||     2
 Cast: Pain              |    87 |    37 |   136 |    17 ||   277
       Vampiric Draining |     1 |    16 |    44 |     4 ||    65
       Regeneration      |       |     2 |     2 |       ||     4
       Animate Skeleton  |       |     3 |     2 |       ||     5
       Bolt of Draining  |       |       |    14 |     7 ||    21
       Corpse Rot        |       |       |       |     1 ||     1
Invok: Receive Corpses   |       |       |     1 |       ||     1
Evoke: Wand              |       |       |       |     1 ||     1
  Use: Scroll            |       |     3 |     6 |       ||     9
       Potion            |       |       |     1 |     1 ||     2
 Stab: Distracted        |       |     1 |       |       ||     1
  Eat: Chunk             |     4 |     4 |    11 |       ||    19
       Ration            |       |       |     2 |       ||     2
Armor: Skin              |     9 |    18 |    73 |     5 ||   105
Dodge: Dodged            |    27 |    72 |   293 |    13 ||   405
Block: Other             |     7 |    20 |    80 |     5 ||   112
